 Dungeon Crawl Stone Soup version 0.29-a0-1009-g60c99734e7 (webtiles) character file.

Game seed: 7218482635831824671

37 ragingrage the Chopper (level 3, -2/19 HPs)
             Began as a Vine Stalker Chaos Knight on Aug 8, 2022.
             Was a Plaything of Xom.
             Slain by a worm (4 damage)
             ... on level 2 of the Dungeon.
             The game lasted 00:01:11 (1421 turns).

ragingrage the Chopper (Vine Stalker Chaos Knight)  Turns: 1421, Time: 00:01:12

Health: -2/19      AC:  5    Str: 16    XL:     3   Next: 41%
Magic:  0/4        EV: 11    Int: 12    God:    Xom [..*...]
Gold:   119        SH:  0    Dex: 13    Spells: 2/2 levels left

rFire   . . .      SeeInvis .   a - +0 hand axe (chaos)
rCold   . . .      Faith    .   (no shield)
rNeg    . . .      Spirit   +   b - +2 leather armour
rPois   .          Reflect  .   (no helmet)
rElec   .          Harm     .   (no cloak)
rCorr   .          Rampage  .   (no gloves)
Will    .....                   (no boots)
Stlth   +.........              (no amulet)
HPRegen 0.06/turn               (no ring)
MPRegen 0.09/turn               (no ring)

@: no status effects
A: fangs 2, magic shield, antimagic bite, no potion heal 2
a: Renounce Religion


You were on level 2 of the Dungeon.
You worshipped Xom.
You were a toy of Xom.
You visited 1 branch of the dungeon, and saw 2 of its levels.

You collected 119 gold pieces.

Inventory:

Hand Weapons
 a - a +0 hand axe of chaos (weapon)
Missiles
 g - 3 poisoned darts
Armour
 b - a +2 leather armour (worn)
Scrolls
 f - a scroll of vulnerability {unknown}
 h - a scroll of poison {unknown}
Potions
 d - a potion of haste {unknown}
 e - a potion of flight {unknown}
 i - a potion of mutation {unknown}
Miscellaneous
 c - a piece from Xom's chessboard (15/15) (quivered)


   Skills:
 - Level 2.8 Fighting
 + Level 3.7 Axes
 - Level 1.7 Armour
 - Level 1.0 Dodging


You had 2 spell levels left.
You didn't know any spells.
Your spell library contained the following spells:

 Spells                   Type           Power      Damage    Failure   Level
 Frozen Ramparts          Ice            0%         1d1       77%         3
 Ice Form                 Ice/Tmut       0%         N/A       99%         4
 Summon Ice Beast         Ice/Summ       0%         N/A       99%         4


Dungeon Overview and Level Annotations

Branches:
Dungeon (2/15)

Altars:


Innate Abilities, Weirdness & Mutations

You have extremely sharp teeth.
When hurt, damage is shared between your health and your magic reserves.
Your bite disrupts and absorbs the magic of your enemies.
Potions cannot restore your health.


Message History

A worm comes into view.
You barely miss the kobold. The kobold hits you with a +0 dagger.
You hit the kobold.
The kobold is heavily wounded.
The kobold hits you but does no damage. The kobold hits you with a +0 dagger.
You miss the kobold.
The kobold is heavily wounded.
The kobold hits you but does no damage.
You barely miss the kobold. You bite the kobold, but do no damage.
The kobold is heavily wounded.
The kobold completely misses you.
You hit the kobold.
You kill the kobold!
You hit the worm. The worm bites you!
You are too injured to fight recklessly!
You are too injured to fight recklessly!
You are too injured to fight recklessly!
You are too injured to fight recklessly!
You are too injured to fight recklessly!
You are too injured to fight recklessly!
A worm is nearby!
A worm is nearby!
You hit the worm. You freeze the worm.
The worm is moderately wounded.
You hit the worm.
The worm is heavily wounded.
The worm bites you but does no damage.
You barely miss the worm. You bite the worm. You drain its power.
You feel invigorated.
The worm is severely wounded.
The worm bites you!
* * * LOW HITPOINT WARNING * * *
You hit the worm.
The worm seems to speed up.
Xom thinks this is hilarious!
The worm is severely wounded.
The worm bites you but does no damage.
You completely miss the worm. Your bite misses the worm.
The worm is heavily wounded.
The worm bites you.
You die...

... ### #... ... .#.
.... #.# .. ... #.#
###.###.# #.#
.......##### #.#
#w)....... #.# #
#.@.....#.####.# ##
#.......#......###.
#.......#####......
#.......# #...###
##.......# #.....#
#........## #..##..
#...........####.####.
#.#.#..####..##..# #(
.......## ##.†...# #.


You could see a worm (fast).

Vanquished Creatures
  An adder (D:2)
  A worm (D:2)
  A dart slug (D:1)
  3 ball pythons (D:1)
  2 endoplasms
  A giant cockroach (D:1)
  2 goblins (D:1)
  3 hobgoblins (D:1)
  A quokka (D:1)
  A bat (D:1)
  A frilled lizard (D:2)
  4 kobolds
  2 rats
23 creatures vanquished.

Notes
Turn   | Place    | Note
-------+----------+-------------------------------------------
     0 | D:1      | ragingrage the Vine Stalker Chaos Knight began the quest
                  | for the Orb.
     0 | D:1      | Reached XP level 1. HP: 11/11 MP: 2/2
    18 | D:1      | XOM: divination: detect items
   144 | D:1      | Reached skill level 1 in Dodging
   269 | D:1      | Reached XP level 2. HP: 9/16 MP: 1/3
   430 | D:1      | Reached skill level 3 in Axes
   974 | D:1      | XOM: god gift: 47 gold pieces
  1122 | D:2      | XOM: butterfly on damage
  1128 | D:2      | Reached XP level 3. HP: 13/19 MP: 2/4
  1162 | D:2      | XOM: silly message
  1421 | D:2      | Slain by a worm

Illustrated notes

Levels and vault maps discovered:
D:1:      tarquinn_simple_flora_water_d, layout_loops_corners
D:2:      layout_rooms

Skill      XL: |  1  2 |
---------------+-------+-----
Dodging        | 1 |  1.0
Axes           | 3 |  3.7
Fighting       | |  2.8
Armour         | |  1.7

Action                   || total
-------------------------++-------
Melee: Hand axe          ||    64
       Bite              ||    17
Armor: Leather armour    ||    20
Dodge: Dodged            ||    31

Table legend: (Time is in decaauts)
 A = Elapsed time spent in this place.
 B = Non-inter-level travel time spent in this place.
 C = Inter-level travel time spent in this place.
 D = Time resting spent in this place.
 E = Time spent auto-exploring this place.
 F = Levels seen in this place.
 G = Mean time per level.
                   A        B        C        D        E       F      G
               +--------+--------+--------+--------+--------+-----+--------+
         Total |   1429 |   1358 |     71 |      0 |   1171 |   2 |  714.5 |
       Dungeon |   1429 |   1358 |     71 |      0 |   1171 |   2 |  714.5 |
               +--------+--------+--------+--------+--------+-----+--------+

Top non-repeatable levels by time:
     D:1: 1114 daAuts
     D:2: 315 daAuts
